 Dungeon Crawl Stone Soup version 0.17-a0-1946-gfb768fe (webtiles) character file.

498 derrpe the Conjurer (level 6, 32/32 HPs)
             Began as a Deep Elf Conjurer on Oct 1, 2015.
             Was a Believer of Zin.
             Quit the game on level 4 of the Dungeon.
             The game lasted 00:06:16 (3719 turns).

derrpe the Conjurer (Deep Elf Conjurer)             Turns: 3719, Time: 00:06:17

Health: 32/32      AC:  4    Str:  5    XL:     6   Next: 94%
Magic:  11/17      EV: 13    Int: 22    God:    Zin [**....]
Gold:   86         SH:  0    Dex: 15    Spells: 3 memorised, 8 levels left

rFire  . . .     SeeInvis .     g - +1 dagger (venom)
rCold  . . .     Clarity  .     a - +0 robe
rNeg   . . .     SustAt   .     (no shield)
rPois  .         Gourm    .     (no helmet)
rElec  .         Spirit   .     (no cloak)
rCorr  .         Warding  .     o - +0 pair of gloves
rMut   .         Stasis   .     j - +0 pair of boots
MR     +....                    (no amulet)
Stlth  ++........               (no ring)
                                m - ring of protection from magic

@: somewhat resistant to hostile enchantments, unstealthy
A: no striking features
a: Donate Gold, Recite, Vitalisation, Renounce Religion


You were on level 4 of the Dungeon.
You worshipped Zin.
Zin was pleased with you.
You were hungry.

You visited 1 branch of the dungeon, and saw 4 of its levels.

You collected 95 gold pieces.
You donated 9 gold pieces to Zin.

Inventory:

Hand weapons
 g - a +1 dagger of venom (weapon)
Armour
 a - a +0 robe (worn)
 j - a +0 pair of boots (worn)
 o - a +0 pair of gloves (worn)
Jewellery
 m - a ring of protection from magic (left hand)
Scrolls
 d - 4 scrolls of identify {unknown}
 h - 2 scrolls of amnesia {unknown}
 i - a scroll of magic mapping {unknown}
 l - a scroll of random uselessness {unknown}
 n - a scroll of recharging {unknown}
 s - a scroll of teleportation {unknown}
Potions
 e - a potion of invisibility {unknown}
 f - 2 potions of agility {unknown}
 k - 2 potions of curing {unknown}
 p - a potion of degeneration {unknown}
Books
 b - a book of Conjurations

   Spells                             Type                      Level
   a - Magic Dart                     Conjuration                  1
   b - Searing Ray                    Conjuration                  2
   c - Dazzling Spray                 Conjuration/Hexes            3
   d - Fulminant Prism                Conjuration/Hexes            4
   e - Iskenderun's Mystic Blast      Conjuration                  4
   f - Iskenderun's Battlesphere      Conjuration/Charms           5
Comestibles
 c - 5 bread rations {@e1}
 q - a meat ration {@e2}


   Skills:
 - Level 2.4 Dodging
 - Level 2.4 Stealth
 + Level 6.1 Spellcasting
 * Level 7.2 Conjurations
 + Level 3.5 Hexes


You had 8 spell levels left.
You knew the following spells:

 Your Spells              Type           Power        Failure   Level  Hunger
a - Magic Dart            Conj           ####         1%          1    None
b - Dazzling Spray        Conj/Hex       ####....     3%          3    #......
c - Iskenderun's Battles  Conj/Chrm      ###.....     63%         5    #####..


Dungeon Overview and Level Annotations

Branches:
Dungeon (4/15)
 Temple: D:4-7

Altars:
Zin


Message History

Aim: a hound The magic dart hits the hound.
The hound is lightly wounded.
Casting: Magic Dart
Confirm with . or Enter, or press ? or * to list all spells.
Aiming: Magic Dart
Press: ? - help, Shift-Dir - straight line, f/p - hound
Aim: a hound (lightly wounded)
The magic dart hits the hound.
The hound is lightly wounded.
Casting: Magic Dart
Confirm with . or Enter, or press ? or * to list all spells.
Aiming: Magic Dart
Press: ? - help, Shift-Dir - straight line, f/p - hound
Aim: a hound (lightly wounded)
The magic dart hits the hound.
The hound is heavily wounded.
The hound bites you but does no damage.
A hound is nearby!
Are you sure you want to abandon this character and quit the game? (Confirm with "yes".)

#......<.........
#.###........#...
#..#####.#.#
#..##......##.
#.###..##.........
#.................
#####..........#
#..........#..
##....@.......
#>.##h.......
#............
#...#...#...#
......... ... ....
#.#... .. ##..#
#.#.#.. # #..
........


You could see a hound.

Vanquished Creatures
  Grinder (D:3)
  The ghost of orochimarko the Conjurer, an average DECj of Jiyva (D:3)
  Ijyb (D:3)
  Jessica (D:2)
  Terence (D:3)
  Robin (D:2)
  6 adders
  An ooze (D:3)
  3 worms (D:2)
  2 giant geckos
  2 ball pythons (D:1)
  4 bats
  4 giant cockroaches
  10 hobgoblins
  3 jackals (D:2)
  6 kobolds
  2 giant newts (D:2)
  17 goblins
  4 quokkas
  16 rats
86 creatures vanquished.

Notes
Turn   | Place    | Note
--------------------------------------------------------------
     0 | D:1      | derrpe the Deep Elf Conjurer began the quest for the Orb.
     0 | D:1      | Reached XP level 1. HP: 10/10 MP: 6/6
   261 | D:1      | Reached XP level 2. HP: 15/15 MP: 4/8
  1054 | D:2      | Noticed Jessica
  1057 | D:2      | Killed Jessica
  1057 | D:2      | Reached skill level 5 in Conjurations
  1057 | D:2      | Reached XP level 3. HP: 19/19 MP: 5/10
  1321 | D:2      | Reached XP level 4. HP: 24/24 MP: 7/12
  1323 | D:2      | Noticed Robin
  1453 | D:2      | Learned a level 3 spell: Dazzling Spray
  1660 | D:2      | Reached skill level 1 in Hexes
  2133 | D:2      | Killed Robin
  2392 | D:3      | Noticed Ijyb
  2415 | D:3      | Killed Ijyb
  2415 | D:3      | Reached skill level 5 in Spellcasting
  2415 | D:3      | Reached XP level 5. HP: 19/28 MP: 3/14
  2416 | D:3      | Noticed Grinder
  2720 | D:2      | Learned a level 5 spell: Iskenderun's Battlesphere
  2836 | D:3      | Found a faded altar to an unknown god.
  2933 | D:3      | Became a worshipper of Zin the Law-Giver
  2933 | D:3      | Acquired Zin's first power
  3026 | D:3      | Reached skill level 6 in Conjurations
  3114 | D:3      | Noticed Terence
  3119 | D:3      | Killed Terence
  3233 | D:3      | Noticed orochimarko's ghost (average DECj)
  3237 | D:3      | Killed orochimarko's ghost
  3237 | D:3      | Reached XP level 6. HP: 27/32 MP: 2/16
  3445 | D:3      | Acquired Zin's second power
  3593 | D:3      | Killed Grinder
  3593 | D:3      | Reached skill level 7 in Conjurations
  3719 | D:4      | Quit the game

Vault maps used:
D:1:      lemuel_arrival_hallway, minmay_surrounded
D:2:      first_bread, uniq_jessica, uniq_robin
D:3:      ecumenical_altar_1, uniq_terence, uniq_grinder, uniq_iyjb
D:4:      minmay_misc_feat_nine_boxes, uniq_natasha, uniq_duvessa

Action                   |  1- 3 |  4- 6 || total
-------------------------+-------+-------++-------
Melee: Unarmed           |     1 |       ||     1
       Dagger            |     2 |    15 ||    17
 Cast: Magic Dart        |    62 |   111 ||   173
       Dazzling Spray    |       |    12 ||    12
 Stab: Sleeping          |       |     3 ||     3
       Invisible         |       |     1 ||     1
  Eat: Chunk             |     1 |     7 ||     8
